 Dungeon Sprint DCSS version 0.29-a0-369-gd956c00756 (webtiles) character file.

Game seed: 12288990738466942046

5012 mhtbhm the Impaler (level 10, -4/130 HPs)
             Began as a Merfolk Gladiator on May 1, 2022.
             Was an Initiate of Gozag.
             Slain by a 15-headed hydra (10 damage)
             ... in the Dungeon (Sprint IX: "|||||||||||||||||||||||||||||").
             The game lasted 00:03:21 (1567 turns).

mhtbhm the Impaler (Merfolk Gladiator)              Turns: 1567, Time: 00:03:22

Health: -4/130     AC:  6    Str: 19    XL:     10   Next: 54%
Magic:  10/10      EV: 23    Int:  8    God:    Gozag
Gold:   1740       SH:  0    Dex: 18    Spells: 9/9 levels left

rFire   . . .      SeeInvis .   a - +2 halberd (venom)
rCold   . . .      Faith    .   (shield currently unavailable)
rNeg    . . .      Spirit   .   b - +0 leather armour
rPois   .          Reflect  .   o - +0 helmet
rElec   .          Harm     .   (no cloak)
rCorr   .          Rampage  .   (no gloves)
Will    .....      NoTele   +   n - +0 pair of boots
Stlth   ..........              (no amulet)
HPRegen 0.31/turn               p - +2 ring of evasion
MPRegen 0.12/turn               q - +3 ring of dexterity

@: berserking, gold aura, very quick
A: (nimble swimmer 2), mertail
a: Renounce Religion, Potion Petition, Call Merchant, Bribe Branch


You were in the Dungeon.
You worshipped Gozag.
Gozag was most pleased with you.
You visited 1 branch You collected 2016 gold pieces.
You paid 276 gold pieces to Gozag.

Inventory:

Hand Weapons
 a - a +2 halberd of venom (weapon)
Missiles
 d - 3 throwing nets (quivered)
 e - a javelin
Armour
 b - a +0 leather armour (worn)
 c - a +0 helmet
 n - a +0 pair of boots (worn)
 o - a +0 helmet (worn)
Jewellery
 p - a +2 ring of evasion (left hand)
 q - a +3 ring of dexterity (right hand)
Wands
 m - a wand of iceblast (1)
Scrolls
 k - a scroll of blinking
 l - 2 scrolls of amnesia
 t - 2 scrolls of identify
 u - 2 scrolls of enchant weapon
 v - 4 scrolls of enchant armour
 w - a scroll of fog
Potions
 f - 6 potions of curing
 g - 2 potions of heal wounds
 h - 2 potions of haste
 i - 4 potions of magic
 j - a potion of mutation
Miscellaneous
 s - a box of beasts (inert)


   Skills:
 + Level 11.1 Fighting
 + Level 20.0 Polearms
 + Level 4.1 Throwing
 + Level 7.0 Armour
 + Level 14.4 Dodging
 + Level 7.3 Stealth
 + Level 4.0 Evocations


You had 9 spell levels left.
You didn't know any spells.
Your spell library contained the following spells:

 Spells                   Type           Power      Damage    Failure   Level
 Summon Forest            Summ/Tloc      0%         N/A       100%        5
 Summon Mana Viper        Hex/Summ       0%         N/A       100%        5
 Summon Cactus Giant      Summ           0%         N/A       100%        6


Dungeon Overview and Level Annotations

Branches:
Dungeon (1/1)

Altars:
Cheibriados
Dithmenos
Elyvilon
Fedhas
Gozag
Hepliaklqana
Kikubaaqudgha
Makhleb
Nemelex Xobeh
Okawaru
Qazlal
Ru
Sif Muna
Trog
Uskayaw
Vehumet
Wu Jian
Xom
Yredelemnul
Zin
The Shining One
Beogh
Jiyva
Lugonu


Innate Abilities, Weirdness & Mutations

((You are very nimble when in or above water. (Stealth+, EV+, Speed+++)))
Your lower body shifts to a powerful aquatic tail in water.


Message History

The 11-headed hydra bites you. The 11-headed hydra closely misses you.
The 11-headed hydra bites you. The 11-headed hydra misses you.
The 11-headed hydra bites you but does no damage.
The 11-headed hydra closely misses you. The 11-headed hydra bites you. x2
The 11-headed hydra completely misses you.
The 11-headed hydra bites you! The 11-headed hydra bites you.
You chop one of the 11-headed hydra's heads off!
The ten-headed hydra grows two more!
You slash the 12-headed hydra!
The 12-headed hydra is heavily wounded.
You chop one of the 12-headed hydra's heads off!
The 11-headed hydra grows two more!
You puncture the 13-headed hydra!
The 13-headed hydra is heavily wounded.
The 13-headed hydra closely misses you. The 13-headed hydra misses you.
The 13-headed hydra completely misses you.
The 13-headed hydra bites you but does no damage.
The 13-headed hydra misses you. The 13-headed hydra barely misses you.
The 13-headed hydra bites you!
* * * LOW HITPOINT WARNING * * *
The 13-headed hydra bites you but does no damage.
The 13-headed hydra completely misses you.
The 13-headed hydra barely misses you. The 13-headed hydra closely misses you.
The 13-headed hydra bites you but does no damage.
The 13-headed hydra bites you!
* * * LOW HITPOINT WARNING * * *
You chop one of the 13-headed hydra's heads off!
The 12-headed hydra grows two more!
You puncture the 14-headed hydra!
The 14-headed hydra looks as sick as possible!
The 14-headed hydra is heavily wounded.
Unknown command.
You slice one of the 14-headed hydra's heads off!
The 13-headed hydra grows two more!
You puncture the 15-headed hydra!
The 15-headed hydra is severely wounded.
The 15-headed hydra bites you.
* * * LOW HITPOINT WARNING * * *
The 15-headed hydra bites you but does no damage.
The 15-headed hydra misses you. The 15-headed hydra bites you!
* * * LOW HITPOINT WARNING * * *
The 15-headed hydra bites you!
You die...
Your body crumbles into a pile of gold. $$$$$$$$$ $$$$$$$$$$$$$

▓▓▓▓▓▓▓▓▓▓▓▓▓▓▓▓▓▓▓▓▓▓▓▓▓▓▓▓▓▓▓▓▓
SYF.F'$....FSYFD@............'...
▓▓▓▓▓▓▓▓▓▓▓▓▓▓▓▓▓▓▓▓▓▓▓▓▓▓▓▓▓▓▓▓▓
.................................
▓▓▓▓▓▓▓▓▓▓▓▓▓▓▓▓▓▓▓▓▓▓▓▓▓▓▓▓▓▓▓▓▓
____________________'...†.).....÷
▓▓▓▓▓▓▓▓▓▓▓▓▓▓▓▓▓▓▓▓▓▓▓▓▓▓▓▓▓▓▓▓▓


You could see a 15-headed hydra (extremely poisoned), a yak, a blink frog, a
water moccasin and a bullfrog.

Vanquished Creatures
  A hydra (D)
  A boulder beetle (D)
  A tengu warrior (D)
  A manticore (D)
  A black mamba (D)
  A cane toad (D)
  An efreet (D)
  A komodo dragon (D)
  A polar bear (D)
  A hornet (D)
  A shadow (D)
  4 yaks (D)
  A wyvern (D)
  A basilisk (D)
  A vampire mosquito (D)
  A water moccasin (D)
  A bullfrog (D)
  A howler monkey (D)
  2 hounds (D)
  An iguana (D)
  A gnoll (D)
  A dart slug (D)
  A bat (D)
  2 hobgoblins (D)
  2 quokkas (D)
31 creatures vanquished.

Vanquished Creatures (collateral kills)
  A water moccasin (D)
1 creature vanquished.

Vanquished Creatures (others)
  A howler monkey (D)
1 creature vanquished.

Grand Total: 33 creatures vanquished

Notes
Turn   | Place    | Note
-------+----------+-------------------------------------------
     0 | D        | mhtbhm the Merfolk Gladiator began the quest for the Orb.
     0 | D        | Reached XP level 1. HP: 16/16 MP: 1/1
    27 | D        | Reached skill level 5 in Polearms
    27 | D        | Reached skill level 5 in Dodging
    27 | D        | Reached XP level 2. HP: 3/23 MP: 2/2
   321 | D        | Reached skill level 6 in Polearms
   321 | D        | Reached XP level 3. HP: 29/29 MP: 3/3
   322 | D        | Reached skill level 7 in Polearms
   322 | D        | Reached skill level 1 in Armour
   322 | D        | Reached XP level 4. HP: 37/37 MP: 4/4
   328 | D        | Reached skill level 8 in Polearms
   360 | D        | Found a snail-covered altar of Cheibriados.
   360 | D        | Found a shadowy altar of Dithmenos.
   360 | D        | Found a white marble altar of Elyvilon.
   360 | D        | Found a blossoming altar of Fedhas.
   360 | D        | Found an opulent altar of Gozag.
   361 | D        | Found a hazy altar of Hepliaklqana.
   362 | D        | Found a viscous altar of Jiyva.
   363 | D        | Found an ancient bone altar of Kikubaaqudgha.
   364 | D        | Found a corrupted altar of Lugonu.
   365 | D        | Found a burning altar of Makhleb.
   366 | D        | Found a sparkling altar of Nemelex Xobeh.
   367 | D        | Found an iron altar of Okawaru.
   370 | D        | Became a worshipper of Gozag Ym Sagoz the Greedy
   371 | D        | Found a stormy altar of Qazlal.
   372 | D        | Found a sacrificial altar of Ru.
   373 | D        | Found a shimmering blue altar of Sif Muna.
   374 | D        | Found a bloodstained altar of Trog.
   375 | D        | Found a hide-covered altar of Uskayaw.
   376 | D        | Found a radiant altar of Vehumet.
   377 | D        | Found an ornate altar of the Wu Jian Council.
   378 | D        | Found a shimmering altar of Xom.
   379 | D        | Found a basalt altar of Yredelemnul.
   441 | D        | Found a glowing silver altar of Zin.
   442 | D        | Found a glowing golden altar of the Shining One.
   516 | D        | Noticed a vampire mosquito
   516 | D        | Noticed a hornet
   516 | D        | Noticed a yak
   516 | D        | Noticed a yak
   516 | D        | Noticed a yak
   523 | D        | Killed a yak
   524 | D        | Reached skill level 5 in Fighting
   524 | D        | Reached skill level 10 in Polearms
   524 | D        | Reached XP level 5. HP: 31/44 MP: 5/5
   524 | D        | Reached XP level 6. HP: 36/51 MP: 6/6
   531 | D        | Killed a yak
   532 | D        | Reached skill level 11 in Polearms
   532 | D        | Reached skill level 10 in Dodging
   537 | D        | Killed a yak
   538 | D        | Reached skill level 12 in Polearms
   538 | D        | Reached skill level 1 in Stealth
   538 | D        | Reached XP level 7. HP: 35/59 MP: 7/7
   544 | D        | Paralysed by a hornet for 2 turns
   549 | D        | Killed a hornet
   550 | D        | Reached skill level 13 in Polearms
   559 | D        | Killed a vampire mosquito
   560 | D        | Reached skill level 14 in Polearms
   560 | D        | Reached XP level 8. HP: 38/67 MP: 8/8
   702 | D        | Noticed a boulder beetle
   702 | D        | Noticed a manticore
   702 | D        | Noticed a tengu warrior
   702 | D        | Noticed a shadow
   702 | D        | Noticed an efreet
   711 | D        | Killed an efreet
   712 | D        | Reached skill level 5 in Armour
   714 | D        | Killed a shadow
   715 | D        | Reached skill level 15 in Polearms
   720 | D        | Killed a boulder beetle
   721 | D        | Reached skill level 16 in Polearms
   721 | D        | Reached XP level 9. HP: 25/75 MP: 9/9
   726 | D        | Killed a tengu warrior
   727 | D        | Reached skill level 17 in Polearms
   727 | D        | Reached skill level 1 in Evocations
   735 | D        | Killed a manticore
   736 | D        | Reached skill level 18 in Polearms
  1033 | D        | Noticed a black mamba
  1033 | D        | Noticed a six-headed hydra
  1033 | D        | Noticed a cane toad
  1035 | D        | Killed a cane toad
  1039 | D        | Reached skill level 10 in Fighting
  1039 | D        | Reached skill level 5 in Stealth
  1050 | D        | HP: 3/78 [11-headed hydra (13)]
  1050 | D        | Noticed a komodo dragon
  1056 | D        | Killed an 11-headed hydra
  1056 | D        | Killed a black mamba
  1057 | D        | Reached skill level 19 in Polearms
  1057 | D        | Reached XP level 10. HP: 5/86 MP: 10/10
  1427 | D        | Noticed a four-headed hydra
  1556 | D        | Reached skill level 20 in Polearms
  1567 | D        | HP: 6/130 [15-headed hydra (13)]
  1567 | D        | Slain by a 15-headed hydra

Illustrated notes

Levels and vault maps discovered:
D:        linesprint [early_d, line_temple, items_1, d_10, items_2, lair_1,
          lair_end, items_3, orc_1, orc_end, items_4, d_15, swamp_1, shoals_1,
          snake_1, spider_1, d_20, vaults_1, items_5, swamp_end, shoals_end,
          snake_end, spider_end, vaults_end, d_27, items_6, zot_1, zot_end,
          crypt_end, forest_end, elf_end, slime_end, tomb_end, abyss_end,
          pan_hell_end]

Skill      XL: |  1  2  3  4  5  6  7  8  9 10 |
---------------+-------------------------------+-----
Polearms       | 5 6 7 10 12 14 16 19 20 | 20.0
Dodging        | 5 6 7 9 11 12 13 14 | 14.4
Fighting       | 3 5 6 7 8 10 11 | 11.1
Throwing       | 3 4 |  4.1
Armour         | 1 2 3 4 5 6 7 |  7.0
Stealth        | 1 3 6 7 |  7.3
Evocations     | 3 4 |  4.0

Action                   |  1- 3 |  4- 6 |  7- 9 | 10-12 || total
-------------------------+-------+-------+-------+-------++-------
Melee: Trident           |    28 |     4 |       |       ||    32
       Punch             |     2 |       |       |       ||     2
       Halberd           |       |    20 |    53 |    30 ||   103
Invok: Potion Petition   |       |       |     1 |       ||     1
Evoke: Wand              |       |       |     9 |       ||     9
       Box of beasts     |       |       |       |     2 ||     2
  Use: Potion            |     1 |     1 |     3 |     1 ||     6
       Scroll            |       |       |     1 |       ||     1
 Stab: Invisible         |       |       |     5 |       ||     5
       Sleeping          |       |       |     1 |       ||     1
Armor: Leather armour    |     7 |     3 |     6 |     7 ||    23
Dodge: Dodged            |    11 |    10 |    54 |    40 ||   115

Table legend: (Time is in decaauts)
 A = Elapsed time spent in this place.
 B = Non-inter-level travel time spent in this place.
 C = Inter-level travel time spent in this place.
 D = Time resting spent in this place.
 E = Time spent auto-exploring this place.
 F = Levels seen in this place.
 G = Mean time per level.
                   A        B        C        D        E       F      G
               +--------+--------+--------+--------+--------+-----+--------+
         Total |   1546 |   1546 |      0 |   1115 |     70 |   1 | 1546.0 |
       Dungeon |   1546 |   1546 |      0 |   1115 |     70 |   1 | 1546.0 |
               +--------+--------+--------+--------+--------+-----+--------+

Top non-repeatable levels by time:
       D: 1546 daAuts
